cohdb
Replays
Latest Replays
All Replays
Popular Replays
Top Player Replays
Match Explorer
How It Works
Community
CoH3 Stats
Reddit
Sign in to upload your games and track your stats! →
Sign in with Steam
Match 43237996
Unlisted
Match 43237996
Overview
Messages
Build Orders
End
Construct Section Command Post
Infantry Section
Dingo Light Scout Car
Selects Canadian Shock Battlegroup
Infantry Section
ML 3-inch Mortar Team
Construct Platoon Command Post
Unlock M3 Stuart Light Tanks
Selects Incendiary Munitions
Selects Offensive Resupply
M3 Stuart Light Tank
CMP 15cwt Truck
M3 Stuart Light Tank
Royal Engineer Section
Infantry Training
Selects Pyrotechnics
Selects Canadian Shock Section
Construct Company Command Post
6-pounder Anti-tank Gun Team
Infantry Section
Foot Guards Section
Unlock M3 Grant Medium Tanks
M3 Grant Medium Tank
Armored Vehicle Training
Grenade Package
Team Weapon Training
Selects Smoke Operation
Selects Demolition Engineering
M3 Grant Medium Tank
Royal Engineer Section
Unlock Bishop Self-propelled Artillery
Bishop Self-propelled Artillery
SmeltedElk
Zoomer
Blanco
MoriMusic
じゃんじゃん
Sobieski
nexnbb
XXxxxGxxxXX
0
0
Comments
sign in to comment!
No comments posted yet!